 Dungeon Crawl Stone Soup version 0.29.0-4-gdea44cf6ec (webtiles) character file.

Game seed: 17914920277320497793

247 qw the Chopper (level 6, -17/35 HPs)
             Began as a Tengu Warper on Aug 28, 2022.
             Was an Initiate of Okawaru.
             Demolished by an ogre
             ... wielding a +0 giant club
              (20 damage)
             ... on level 4 of the Dungeon.
             The game lasted 00:00:21 (3287 turns).

qw the Chopper (Tengu Warper)                       Turns: 3287, Time: 00:00:22

Health: -17/35     AC:  8    Str: 14    XL:     6   Next: 11%
Magic:  10/10      EV:  7    Int: 13    God:    Okawaru [......]
Gold:   139        SH:  0    Dex: 13    Spells: 9/9 levels left

rFire   . . .      SeeInvis .   Y - +3 hand axe (pain)
rCold   . . .      Faith    .   (no shield)
rNeg    . . .      Spirit   .   l - +0 chain mail
rPois   .          Reflect  .   (helmet restricted)
rElec   .          Harm     .   (no cloak)
rCorr   .          Rampage  .   (no gloves)
Will    +....                   (boots unavailable)
Stlth   ..........              (no amulet)
HPRegen 0.11/turn               d - ring of willpower
MPRegen 0.12/turn               (no ring)

@: flying quickly and evasively, quick
A: beak, talons 3, nimble flight
a: Renounce Religion


You were on level 4 of the Dungeon.
You worshipped Okawaru.
Okawaru was noncommittal.
You visited 2 branches of the dungeon, and saw 5 of its levels.

You collected 139 gold pieces.


Innate Abilities, Weirdness & Mutations

You have a beak for a mouth.
You have claws for feet.
Your magical nature lets you fly swiftly and evasively.


   Skills:
 - Level 2.0 Fighting
 + Level 6.5 Axes
 - Level 1.0 Throwing
 - Level 2.1 Armour
 - Level 2.1 Dodging
 - Level 2.0 Spellcasting
 - Level 2.4 Translocations


You had 9 spell levels left.
You didn't know any spells.
Your spell library contained the following spells:

 Spells                   Type           Power      Damage    Failure   Level
 Blink                    Tloc           14%        N/A       98%         2
 Gell's Gravitas          Tloc           7%         N/A       100%        3
 Lesser Beckoning         Tloc           7%         N/A       100%        3
 Teleport Other           Tloc           7%         N/A       100%        3
 Manifold Assault         Tloc           7%         N/A       100%        5

Inventory:

Hand Weapons
 a - a +0 flail
 Y - a +3 hand axe of pain (weapon)
Missiles
 k - 6 boomerangs (quivered)
Armour
 c - a +1 scale mail of cold resistance
 l - a +0 chain mail (worn)
Jewellery
 d - a ring of willpower (left hand)
Scrolls
 b - a scroll of enchant armour {unknown}
 f - 5 scrolls of identify
Potions
 e - a potion of brilliance {unknown}
 h - 2 potions of curing
 j - a potion of haste

Dungeon Overview and Level Annotations

Branches:
Dungeon (4/15)             Temple (1/1) D:4

Altars:
Ashenzari
Dithmenos
Fedhas
Gozag
Hepliaklqana
Kikubaaqudgha
Makhleb
Okawaru
Qazlal
Ru
Uskayaw
Vehumet
Xom
Yredelemnul
Zin
The Shining One

Shops:
D:2 =


Message History

The adder is almost dead.
The adder barely misses you.
You hit the adder.
You kill the adder!
Okawaru accepts your kill.
You start resting.
HP restored.
c - a +1 scale mail of cold resistance
There is a stone staircase leading down here.
Found 4 stones.
Enter note:
e - a viscous silvery potion You now have 139 gold pieces (gained 2).
Found a stone staircase leading down.
An ogre comes into view. It is wielding a +0 giant club.
The ogre shouts!
You hit the ogre.
The ogre is lightly wounded.
The ogre hits you with a +0 giant club!
You hit the ogre.
The ogre is moderately wounded.
You hit the ogre. Your kick misses the ogre.
The ogre is moderately wounded.
The ogre hits you with a +0 giant club!
3283 ||| DRINKING potion of heal wounds.
You feel much better.
You hit the ogre.
The ogre is moderately wounded.
The ogre closely misses you.
You hit the ogre. You peck the ogre.
The ogre is heavily wounded.
The ogre hits you with a +0 giant club!!
Ouch! That really hurt!
You hit the ogre. Your kick misses the ogre.
The ogre is heavily wounded.
You slash the ogre! You claw the ogre. Your punch misses the ogre.
The ogre is almost dead.
The ogre hits you with a +0 giant club!!
Ouch! That really hurt!
You die...

.. # .# .# ..# .#
########..# #.#
.......... ..#
#...#..#.# ##O# ##
#.<....#.# #@###.#
#...#.##.## ####.#.#
....#.#...####..>..#
...............##.##
.....##...####.##.#
~~...###.## #.##.#
~~~..###.# #.##.#
~~~......# #.##.#
~~~..#########.##.#


You could see an ogre.

Vanquished Creatures
  A bullfrog (D:4)
  2 hounds (D:4)
  5 adders
  A worm (D:2)
  A dart slug (D:4)
  5 orcs
  2 endoplasms (D:1)
  4 giant cockroaches
  7 goblins
  5 hobgoblins
  5 jackals
  14 kobolds
  3 quokkas
  5 ball pythons
  6 bats
  3 frilled lizards
  3 rats
72 creatures vanquished.

Notes
Turn   | Place    | Note
-------+----------+-------------------------------------------
     0 | D:1      | qw the Tengu Warper began the quest for the Orb.
     0 | D:1      | Reached XP level 1. HP: 12/12 MP: 4/4
     0 | D:1      | 0 ||| qw: Version: 0.1-a-89-g26bdef1
     0 | D:1      | 0 ||| qw: Game counter: 1077
     0 | D:1      | 0 ||| qw: Always use a shield: true
     0 | D:1      | 0 ||| qw: God list: Okawaru
     0 | D:1      | 0 ||| qw: Allow faded altars: false
     0 | D:1      | 0 ||| qw: Do Orc after D:15 true
     0 | D:1      | 0 ||| qw: Do second Lair branch before Depths: true
     0 | D:1      | 0 ||| qw: Lair rune preference: random
     0 | D:1      | 0 ||| qw: Plans: Normal
     0 | D:1      | 0 ||| PLANNING D:1-11
   139 | D:1      | Reached XP level 2. HP: 17/17 MP: 6/6
   148 | D:1      | Reached skill level 3 in Axes
   416 | D:1      | 416 ||| Stepping ~*~*~tactically~*~*~ (stealth).
   580 | D:1      | 580 ||| SWAPPING to +1 hand axe of pain.
   581 | D:1      | 581 ||| DROPPING +0 hand axe.
   667 | D:1      | Reached XP level 3. HP: 21/21 MP: 7/7
   942 | D:1      | Reached skill level 4 in Axes
   942 | D:1      | Found a faded altar of an unknown god.
  1070 | D:1      | 1070 ||| UPGRADING to ring of willpower.
  1071 | D:1      | 1071 ||| READING scroll labelled POXZU VOITAECS.
  1072 | D:1      | 1072 ||| READING scroll labelled SOMEAQ UNWA.
  1073 | D:1      | 1073 ||| DRINKING 2 lumpy ruby potions.
  1119 | D:1      | 1119 ||| DROPPING scroll of blinking.
  1120 | D:1      | 1120 ||| DROPPING potion of lignification.
  1163 | D:2      | 1163 ||| DROPPING +1 whip of electrocution.
  1322 | D:2      | 1322 ||| Stepping ~*~*~tactically~*~*~ (stealth).
  1437 | D:2      | Found Jyopeulu's Jewellery Shop.
  1440 | D:2      | 1440 ||| SHOPLISTING +4 ring of protection (432 gold, have
                  | 12).
  1440 | D:2      | 1440 ||| SHOPLISTING amulet of the acrobat (360 gold, have
                  | 12).
  1440 | D:2      | 1440 ||| SHOPLISTING ring of fire (300 gold, have 12).
  1440 | D:2      | 1440 ||| SHOPLISTING ring of poison resistance (240 gold,
                  | have 12).
  1459 | D:2      | 1459 ||| Stepping ~*~*~tactically~*~*~ (stealth).
  1460 | D:2      | 1460 ||| Stepping ~*~*~tactically~*~*~ (stealth).
  1510 | D:2      | 1510 ||| Stepping ~*~*~tactically~*~*~ (stealth).
  1517 | D:2      | 1517 ||| Stepping ~*~*~tactically~*~*~ (stealth).
  1586 | D:2      | 1586 ||| Stepping ~*~*~tactically~*~*~ (stealth).
  1599 | D:2      | 1599 ||| Stepping ~*~*~tactically~*~*~ (stealth).
  1607 | D:2      | Reached XP level 4. HP: 25/26 MP: 8/8
  1617 | D:2      | 1617 ||| Stepping ~*~*~tactically~*~*~ (stealth).
  1618 | D:2      | 1618 ||| Stepping ~*~*~tactically~*~*~ (stealth).
  1619 | D:2      | 1619 ||| Stepping ~*~*~tactically~*~*~ (stealth).
  1625 | D:2      | 1625 ||| Stepping ~*~*~tactically~*~*~ (stealth).
  1626 | D:2      | 1626 ||| Stepping ~*~*~tactically~*~*~ (stealth).
  1648 | D:2      | 1648 ||| Stepping ~*~*~tactically~*~*~ (stealth).
  1663 | D:2      | 1663 ||| Stepping ~*~*~tactically~*~*~ (stealth).
  1797 | D:2      | 1797 ||| Stepping ~*~*~tactically~*~*~ (stealth).
  2063 | D:2      | 2063 ||| UPGRADING to +0 ring mail.
  2073 | D:2      | 2073 ||| DROPPING +0 leather armour.
  2074 | D:2      | 2074 ||| READING 5 scrolls labelled WAGAEDOISH.
  2075 | D:2      | 2075 ||| READING scroll labelled YGHE YTALOACRO.
  2080 | D:2      | 2080 ||| READING scroll labelled SAAR FIYNUCOPN.
  2081 | D:2      | 2081 ||| READING scroll labelled QASAIRO KADGHEA.
  2082 | D:2      | 2082 ||| READING 4 scrolls of identify.
  2082 | D:2      | 2082 ||| IDENTIFYING red potion
  2083 | D:2      | 2083 ||| READING 3 scrolls of identify.
  2083 | D:2      | 2083 ||| IDENTIFYING blue potion
  2084 | D:2      | 2084 ||| READING 2 scrolls of identify.
  2084 | D:2      | 2084 ||| IDENTIFYING viscous black potion
  2085 | D:2      | 2085 ||| DROPPING potion of magic.
  2086 | D:2      | 2086 ||| DROPPING potion of attraction.
  2099 | D:3      | Reached skill level 5 in Axes
  2099 | D:3      | 2099 ||| STAIRDANCE
  2202 | D:3      | Found an opulent altar of Gozag.
  2298 | D:3      | 2298 ||| READING scroll of enchant weapon.
  2298 | D:3      | 2298 ||| ENCHANTING +2 hand axe of pain.
  2631 | D:3      | 2631 ||| UPGRADING to +0 chain mail.
  2641 | D:3      | 2641 ||| DROPPING +0 ring mail.
  2642 | D:3      | 2642 ||| READING 2 scrolls labelled SIOLIFA DUIMEH.
  2643 | D:3      | 2643 ||| READING scroll labelled HITHRE CIBAOJUGH.
  2644 | D:3      | 2644 ||| READING scroll labelled LAK EJAWIA.
  2645 | D:3      | 2645 ||| READING 4 scrolls of identify.
  2645 | D:3      | 2645 ||| IDENTIFYING ruby potion
  2646 | D:3      | 2646 ||| READING 3 scrolls of identify.
  2646 | D:3      | 2646 ||| IDENTIFYING inky potion
  2647 | D:3      | 2647 ||| DROPPING scroll of fog.
  2685 | D:4      | Noticed a bullfrog
  2686 | D:4      | 2686 ||| Stepping ~*~*~tactically~*~*~ (stealth).
  2697 | D:4      | Gained mutation: Your magical nature lets you fly swiftly
                  | and evasively. [Tengu growth]
  2697 | D:4      | Reached XP level 5. HP: 19/30 MP: 9/9
  2700 | D:4      | Reached skill level 6 in Axes
  2869 | D:4      | Reached XP level 6. HP: 31/35 MP: 10/10
  3012 | D:4      | Found a staircase to the Ecumenical Temple.
  3013 | D:4      | 3013 ||| PLANNING TEMPLE
  3025 | D:4      | 3025 ||| Stepping ~*~*~tactically~*~*~ (hiding).
  3055 | Temple   | Entered the Ecumenical Temple
  3085 | Temple   | Became a worshipper of Warmaster Okawaru
  3103 | Temple   | 3103 ||| PLANNING D:1-11
  3139 | D:4      | 3139 ||| Stepping ~*~*~tactically~*~*~ (stealth).
  3282 | D:4      | HP: 8/35 [ogre/+0 giant club (12)]
  3283 | D:4      | 3283 ||| DRINKING potion of heal wounds.
  3285 | D:4      | HP: 3/35 [ogre/+0 giant club (18)]
  3287 | D:4      | Demolished by an ogre

Levels and vault maps discovered:
D:1:      amcnicky_arrival_single_pillar, layout_loops_ring,
          shapermc_ecumenical_altar_mp_highgroup
D:2:      layout_loops_ring, serial_shops, nicolae_shop_behind_doors
D:3:      layout_basic, nicolae_overflow_crystal_walls,
          nicolae_figureground_sparkle
D:4:      layout_loops_ring, chequers_temple_overflow_minitemple, temple_pool_b
Temple:   eino_wide_crystal_templ

Skill      XL: |  1  2  3  4  5 |
---------------+----------------+-----
Axes           | 3 4 5 6 |  6.5
Armour         | 2 |  2.1
Fighting       | |  2.0
Throwing       | |  1.0
Dodging        | |  2.1
Spellcasting   | |  2.0
Translocations | |  2.4

Action                   |  1- 3 |  4- 6 || total
-------------------------+-------+-------++-------
Melee: Hand axe          |    82 |    84 ||   166
       Kick              |    17 |    26 ||    43
       Peck              |    12 |     7 ||    19
       Punch             |     1 |       ||     1
Throw: Boomerang         |     9 |    25 ||    34
  Use: Scroll            |     2 |    13 ||    15
       Potion            |     1 |     1 ||     2
 Stab: Distracted        |     1 |       ||     1
Armor: Leather armour    |    15 |     2 ||    17
       Chain mail        |       |    14 ||    14
       Ring mail         |       |     7 ||     7
Dodge: Dodged            |    37 |    34 ||    71

Table legend:
 A = Non-vault XP
 B = Vault XP
 C = Vault XP percentage of total XP
 D = Non-vault monster count
 E = Vault monster count
 F = Vault count percentage of total count
                 A         B        C        D         E       F
            +---------+---------+-------+---------+---------+-------
      Total |     354 |       0 |   0.0 |      72 |       0 |   0.0
            +---------+---------+-------+---------+---------+-------
        D:1 |      48 |       0 |   0.0 |      29 |       0 |   0.0
        D:2 |      61 |       0 |   0.0 |      21 |       0 |   0.0
        D:3 |      36 |       0 |   0.0 |      11 |       0 |   0.0
        D:4 |     209 |       0 |   0.0 |      11 |       0 |   0.0
            +---------+---------+-------+---------+---------+-------
